[Event "13th Dolomiti-Forni di Sopra-A 2022"]
[Site "Forni di Sopra"]
[Date "2022.06.19"]
[Round "9.12"]
[White "Goh, Zi Han"]
[Black "Candian, Lorenzo"]
[Result "1-0"]
[ECO "D86"]
[WhiteElo "2087"]
[BlackElo "2048"]
[Annotator "NA RC"]
[PlyCount "71"]
[EventDate "2022.06.13"]
[EventType "swiss"]
[EventCountry "ITA"]
[SourceTitle "playchess.com"]
[Source "ChessBase"]
[SourceQuality "1"]
[TimeControl "40/5400+30:1800+30"]

1. d4 Nf6 2. c4 g6 3. Nc3 d5 4. cxd5 Nxd5 5. e4 Nxc3 6. bxc3 Bg7 7. Bc4 O-O 8. Ne2 Nc6 9. O-O b6 10. Be3 Bb7 11. Qd2 Qd6 12. f4 Na5 13. Bd3 c5 14. f5 cxd4 15. cxd4 Rac8 16. Rac1 Rfd8 17. Rxc8 Rxc8 18. e5 Qc6 19. Nf4 Nc4 20. d5 Qa4 21. Bxc4 Qxc4 22. e6 fxe6 23. fxg6 exd5 24. gxh7+ Kxh7 25. Qf2 Qe4 26. Nh3 Bf6 27. Ng5+ Bxg5 28. Bxg5 d4 29. Re1 Qd5 30. Rxe7+ Kg8 31. Bh6 Qxg2+ 32. Qxg2+ Bxg2 33. Rg7+ Kh8 34. Rxg2 d3 35. Kf1 Kh7 36. Be3 1-0